 Dungeon Crawl Stone Soup version 0.29-a0-322-g68df515428 (webtiles) character file.

Game seed: 2403659891275064211

25 siradein the Changer (level 3, 17/17 HPs)
             Began as a Vine Stalker Transmuter on Apr 8, 2022.
             Quit the game on level 1 of the Dungeon.
             The game lasted 00:03:37 (1093 turns).

siradein the Changer (Vine Stalker Transmuter)      Turns: 1093, Time: 00:03:37

Health: 17/17      AC:  3    Str: 12    XL:     3   Next: 4%
Magic:  7/7        EV: 11    Int: 15    God:
Gold:   55         SH:  0    Dex: 14    Spells: 0/6 levels left

rFire   . . .      SeeInvis .     - Unarmed
rCold   . . .      Faith    .   (no shield)
rNeg    . . .      Spirit   +   d - +0 leather armour
rPois   .          Reflect  .   (no helmet)
rElec   .          Harm     .   (no cloak)
rCorr   .          Rampage  .   (no gloves)
Will    .....                   (no boots)
Stlth   +.........              (no amulet)
HPRegen 0.05/turn               (no ring)
MPRegen 0.10/turn               (no ring)

@: no status effects
A: fangs 2, magic shield, antimagic bite, no potion heal 2
a: no special abilities


You were on level 1 of the Dungeon.
You visited 1 branch of the dungeon, and saw 1 of its levels.

You collected 55 gold pieces.

Inventory:

Armour
 d - a +0 leather armour (worn)
Scrolls
 a - a scroll of teleportation {unknown}
 c - a scroll of fog {unknown}
 f - a scroll of noise {unknown}
 g - a scroll of magic mapping {unknown}
 h - a scroll of immolation {unknown}
Potions
 b - a potion of lignification
 e - 2 potions of curing {unknown}
 i - 3 potions of attraction {unknown}
 j - a potion of might {unknown}


   Skills:
 - Level 0.8 Fighting
 - Level 1.5 Dodging
 - Level 3.0 Unarmed Combat
 - Level 2.1 Spellcasting
 + Level 3.4 Transmutations
 + Level 0.1 Poison Magic


You couldn't memorise any spells.
You knew the following spells:

 Your Spells              Type           Power      Damage    Failure   Level
a - Beastly Appendage     Tmut           22%        N/A       7%          1
b - Wereblood             Tmut           11%        N/A       11%         2
c - Spider Form           Tmut/Pois      6%         N/A       38%         3

Your spell library contained the following spells:

 Spells                   Type           Power      Damage    Failure   Level
 Animate Skeleton         Necr           2%         N/A       28%         1
 Apportation              Tloc           2%         N/A       28%         1
 Summon Small Mammal      Summ           4%         N/A       28%         1
 Ice Form                 Ice/Tmut       6%         N/A       80%         4
 Alistair's Intoxication  Tmut/Pois      4%         N/A       98%         5
 Borgnjor's Vile Clutch   Necr/Erth      0%         N/A       100%        5
 Eringya's Noxious Bog    Tmut/Pois      3%         N/A       100%        6


Dungeon Overview and Level Annotations

Branches:
Dungeon (1/15)

Altars:

Shops:
D:1 [


Innate Abilities, Weirdness & Mutations

You have extremely sharp teeth.
When hurt, damage is shared between your health and your magic reserves.
Your bite disrupts and absorbs the magic of your enemies.
Potions cannot restore your health.


Message History

A goblin comes into view. It is wielding a +0 dagger.
Your transformation is almost over.
The goblin shouts!
The goblin moves out of view.
You see here a ball python corpse.
There is an open door here.
A goblin is nearby!
A goblin is nearby!
A goblin is nearby!
A goblin is nearby!
You extend your transformation's duration.
You hit the goblin.
You kill the goblin!
No target in view!
No target in view!
Okay, then.
Casting: Beastly Appendage (safe; 7% risk of failure)
Confirm with . or Enter, or press ? or * to list all spells.
The spell is potentially lethal to miscast (38% risk of failure)!
Continue anyway?
Your horns disappear.
Your talons disappear.
You turn into a venomous arachnid creature.
Your +0 leather armour melds into your body.
Unknown command.
Your transformation is almost over.
Your transformation has ended.
Your +0 leather armour unmelds from your body.
Things that are here:
a +0 dagger; a goblin corpse
There is an open door here.
i - 3 black potions (gained 1)
You see here a +0 club.
You see here a +0 club.
Key pressed, stopping explore.
Done exploring.
Done exploring.
Done exploring.
Done exploring.
Done exploring.
Unknown command.
Are you sure you want to abandon this character and quit the game? (Confirm with "yes".)

#.......#
#.#
#...<...#
#.#
#.......#
#.#
#.#.#.#.#
#.#
#.#####.#
#.# #.#
#.# #.#
#.# #.#
#.#
#.#####.#
#.#
#@......#
#.#
#########
#.# #.#
#†# #..
###


There were no monsters in sight!

Vanquished Creatures
  A dart slug (D:1)
  2 endoplasms (D:1)
  3 giant cockroaches (D:1)
  2 goblins (D:1)
  3 hobgoblins (D:1)
  3 kobolds (D:1)
  A quokka (D:1)
  2 ball pythons (D:1)
  3 bats (D:1)
20 creatures vanquished.

Notes
Turn   | Place    | Note
-------+----------+-------------------------------------------
     0 | D:1      | siradein the Vine Stalker Transmuter began the quest for
                  | the Orb.
     0 | D:1      | Reached XP level 1. HP: 9/9 MP: 4/4
   224 | D:1      | Reached XP level 2. HP: 14/14 MP: 6/6
   251 | D:1      | Learned a level 2 spell: Wereblood
   362 | D:1      | Found Taezomeh's Armour Emporium.
   917 | D:1      | Reached XP level 3. HP: 17/17 MP: 7/7
   921 | D:1      | Learned a level 3 spell: Spider Form
   923 | D:1      | Found a faded altar of an unknown god.
  1093 | D:1      | Quit the game

Illustrated notes

Levels and vault maps discovered:
D:1:      psy_arrival_basics, layout_basic, serial_curves, eino_curves_03,
          eino_curves_02, hellmonk_ecumenical_altar_inner_sanctum, serial_shops,
          shop_statue

Skill      XL: |  1  2 |
---------------+-------+-----
Transmutations | 3 |  3.4
Fighting       | |  0.8
Dodging        | |  1.5
Unarmed Combat | |  3.0
Spellcasting   | |  2.1
Poison Magic   | |  0.1

Action                   || total
-------------------------++-------
Melee: Unarmed           ||    40
       Kick              ||     9
       Bite              ||     9
       Headbutt          ||     6
 Cast: Beastly Appendage ||    15
       Spider Form       ||     1
 Stab: Sleeping          ||     1
Armor: Robe              ||     1
       Leather armour    ||    11
Dodge: Dodged            ||    16

Table legend: (Time is in decaauts)
 A = Elapsed time spent in this place.
 B = Non-inter-level travel time spent in this place.
 C = Inter-level travel time spent in this place.
 D = Time resting spent in this place.
 E = Time spent auto-exploring this place.
 F = Levels seen in this place.
 G = Mean time per level.
                   A        B        C        D        E       F      G
               +--------+--------+--------+--------+--------+-----+--------+
         Total |   1091 |   1091 |      0 |      0 |    900 |   1 | 1091.0 |
       Dungeon |   1091 |   1091 |      0 |      0 |    900 |   1 | 1091.0 |
               +--------+--------+--------+--------+--------+-----+--------+

Top non-repeatable levels by time:
     D:1: 1091 daAuts
